 Dungeon Crawl Stone Soup version 0.22-a0-354-g30dfbe6 (webtiles) character file.

51 4thArraOfDagon the Firebug (level 3, -1/31 HPs)
             Began as an Octopode Fire Elementalist on Apr 16, 2018.
             Slain by Ijyb (2 damage)
             ... on level 4 of the Dungeon.
             The game lasted 00:01:38 (292 turns).

4thArraOfDagon the Firebug (OpFE)                    Turns: 292, Time: 00:01:39

Health: -1/31      AC:  1    Str: 12    XL:     3   Next: 83%
Magic:  6/6        EV: 13    Int: 18    God:
Gold:   27         SH:  0    Dex: 12    Spells: 5/6 levels left

rFire    . . .     SeeInvis .   (no weapon)
rCold    + . .     Gourm    .   (no shield)
rNeg     . . .     Faith    .   (helmet restricted)
rPois    .         Spirit   .   (no amulet)
rElec    .         Reflect  .   a - ring of protection from cold
rCorr    .         Harm     .   (no ring)
MR       .....                  (no ring)
Stlth    ..........             (no ring)
HPRegen  0.10/turn              (no ring)
MPRegen  0.10/turn              (no ring)
                                (no ring)
                                (no ring)

@: berserking (expiring), very quick
A: almost no armour, stealthy swim, amphibious, 8 rings, constrict 8, camouflage
1, gelatinous body 1
a: no special abilities


You were on level 4 of the Dungeon.
You were not hungry.

You visited 1 branch of the dungeon, and saw 4 of its levels.

You collected 27 gold pieces.

Inventory:

Jewellery
 a - a ring of protection from cold (left tentacle)
 e - an uncursed ring of ice
Scrolls
 c - a scroll of identify {unknown}
 d - a scroll of enchant armour {unknown}
Comestibles
 b - a ration


   Skills:
 - Level 2.0 Dodging
 - Level 2.6 Stealth
 + Level 2.4 Spellcasting
 * Level 2.3 Conjurations
 * Level 3.7 Fire Magic


You had 5 spell levels left.
You knew the following spells:

 Your Spells              Type           Power        Failure   Level  Hunger
a - Flame Tongue          Conj/Fire      ##...        4%          1    #......


Dungeon Overview and Level Annotations

Branches:
Dungeon (4/15)
 Temple: D:4-7

Altars:

Annotations:
D:4 Ijyb


Innate Abilities, Weirdness & Mutations

You cannot wear most types of armour.
You are very stealthy in the water. (Stealth+)
You are amphibious.
You can wear up to eight rings at the same time.
You can use your tentacles to constrict eight enemies at once.
Your skin changes colour to match your surroundings (Stealth+).
Your rubbery body absorbs attacks. (AC +1, EV +1)


Message History

You feel clever.
You constrict Ijyb, but do no damage. Ijyb misses you. The orc hits you.
Unknown command.
You closely miss the orc. Your grab misses the orc.
You kill the orc!
You constrict Ijyb, but do no damage. Ijyb barely misses you.
Unknown command.
You tentacle-slap the orc. You grab the orc.
The orc is heavily wounded.
You constrict Ijyb, but do no damage. You constrict the orc.
The orc hits you with a flail!
* * * LOW HITPOINT WARNING * * *
The orc barely misses you. The orc hits you.
* * * LOW HITPOINT WARNING * * *
Unknown command.
You closely miss the orc. You grab the orc. You constrict Ijyb.
You constrict the orc.
You kill the orc!
You constrict the orc. Ijyb hits you.
You die...

..# ..#
#########..####
#.............
#..........#
#.......<..#
#..........#####
#.....oog.......
#.....)@o#.#####
##....!..#$#
.........#..
.####.#### ## #.
#. #


You could see Ijyb and 3 orcs.

Vanquished Creatures
  An orc wizard (D:4)
  3 orcs
  2 bats (D:1)
  A giant cockroach (D:3)
  5 goblins
  A hobgoblin (D:3)
  A kobold (D:1)
  A frilled lizard (D:1)
  3 rats
18 creatures vanquished.

Notes
Turn   | Place    | Note
-------+----------+-------------------------------------------
     0 | D:1      | 4thArraOfDagon the Octopode Fire Elementalist began the quest for the Orb.
     0 | D:1      | Reached XP level 1. HP: 11/11 MP: 3/3
    62 | D:1      | Reached XP level 2. HP: 17/17 MP: 3/5
   280 | D:4      | Noticed Ijyb
   289 | D:4      | Reached XP level 3. HP: 20/21 MP: 6/6
   291 | D:4      | HP: 1/31 [orc (3)]
   292 | D:4      | Slain by Ijyb

Vault maps used:
D:1:      mrwooster_arrival_statue_3, minmay_split_cup_small
D:2:      gammafunk_temple_overflow_statue, chequers_ecumenical_altar_island
D:3:      portal_sewer_entry_a, grunt_gozag_breadcrumbs
D:4:      lemuel_round_altar, nicolae_ossuary_entry_plus, first_ration,
          grunt_decor_fettered, minmay_misc_feat_iff, uniq_ijyb

Skill      XL: |  1  2 |
---------------+-------+-----
Conjurations   | 2 |  2.3
Dodging        | |  2.0
Stealth        | |  2.6
Spellcasting   | |  2.4
Fire Magic     | |  3.7

Action                   || total
-------------------------++-------
Melee: Unarmed           ||    20
       Constrict         ||    10
       Tentacles         ||     6
 Cast: Flame Tongue      ||    15
  Use: Potion            ||     1
Armor: Skin              ||     2
Dodge: Dodged            ||    13

Table legend:
 A = Spawn XP
 B = Non-spawn XP
 C = Spawn XP percentage of total XP
 D = Spawn monster count
 E = Non-spawn monster count
 F = Spawn count percentage of total count
 G = Total turns spent on level
                    A         B        C        D         E        F      G
               +---------+---------+-------+---------+---------+-------+---------
         Total |       0 |      74 |   0.0 |       0 |      18 |   0.0 |   292
               +---------+---------+-------+---------+---------+-------+---------
           D:1 |       0 |      14 |   0.0 |       0 |       9 |   0.0 |   128
           D:2 |       0 |       3 |   0.0 |       0 |       2 |   0.0 |    20
           D:3 |       0 |       9 |   0.0 |       0 |       4 |   0.0 |   132
           D:4 |       0 |      48 |   0.0 |       0 |       3 |   0.0 |    12
               +---------+---------+-------+---------+---------+-------+---------
